 Dungeon Crawl Stone Soup version 0.17.0-57-g0e89251 (webtiles) character file.

10131 JokEr the Cleaver (level 11, -1/111 HPs)
             Began as a Minotaur Berserker on Dec 7, 2015.
             Was a High Priest of Trog.
             Slain by a porcupine (5 damage)
             ... on level 10 of the Dungeon.
             The game lasted 00:23:10 (8635 turns).

JokEr the Cleaver (Minotaur Berserker)              Turns: 8635, Time: 00:23:11

Health: -1/111     AC:  8    Str: 25    XL:     11   Next: 32%
Magic:  10/10      EV:  2    Int:  4    God:    Trog [*****.]
Gold:   326        SH:  0    Dex: 10    Spells: 0 memorised, 10 levels left

rFire  . . .     SeeInvis +     t - +2 war axe (venom)
rCold  . . .     Clarity  .     u - +0 chain mail
rNeg   + + +     SustAt   .     (no shield)
rPois  ∞         Gourm    .     (helmet restricted)
rElec  .         Spirit   .     (no cloak)
rCorr  .         Warding  .     (no gloves)
rMut   .         Stasis   .     (no boots)
MR     .....                    (no amulet)
Stlth  ..........               (no ring)
                                A - ring of see invisible

@: exhausted, petrified, slowed, not resistant to hostile enchantments,
extremely unstealthy
A: retaliatory headbutt, horns 2
a: Berserk, Trog's Hand, Brothers in Arms, Burn Spellbooks, Renounce Religion


You were on level 10 of the Dungeon.
You worshipped Trog.
Trog was extremely pleased with you.
You were not hungry.

You visited 1 branch of the dungeon, and saw 10 of its levels.

You collected 441 gold pieces.
You spent 115 gold pieces at shops.

Inventory:

Hand Weapons
 a - a +0 hand axe
 t - a +2 war axe of venom (weapon)
Armour
 b - a +0 animal skin
 u - a +0 chain mail (worn)
Jewellery
 e - an uncursed amulet of stasis
 g - an uncursed ring of magical power
 A - a ring of see invisible (left hand)
 E - an uncursed ring of fire {unknown}
Wands
 v - a wand of flame (25)
 w - a wand of draining (11)
 G - a wand of flame (22)
 H - a wand of disintegration (8)
Scrolls
 i - 5 scrolls of remove curse
 n - 5 scrolls of teleportation
 q - a scroll of amnesia
 F - a scroll of noise
 J - a scroll of vulnerability {unknown}
Potions
 c - a potion of brilliance {unknown}
 d - 2 potions of curing
 f - a potion of agility {unknown}
 h - 3 potions of ambrosia
 k - a potion of invisibility {unknown}
 m - 2 potions of poison {unknown}
 o - a potion of heal wounds {unknown}
 r - 2 potions of flight {unknown}
 s - 2 potions of might {unknown}
 x - a potion of lignification {unknown}
 D - 3 potions of degeneration {unknown}
 I - a potion of cure mutation {unknown}
Books
 y - a book of Conjurations

   Spells                             Type                      Level
   a - Magic Dart                     Conjuration                  1
   b - Searing Ray                    Conjuration                  2
   c - Dazzling Spray                 Conjuration/Hexes            3
   d - Fulminant Prism                Conjuration/Hexes            4
   e - Iskenderun's Mystic Blast      Conjuration                  4
   f - Iskenderun's Battlesphere      Conjuration/Charms           5
   Trog disapproves of the use of such an item.
Comestibles
 j - 2 meat rations
 l - 10 fruits
 p - a slice of pizza
 z - a royal jelly
 B - a beef jerky
 K - 2 chunks of flesh


   Skills:
 + Level 14.5 Fighting
 + Level 14.7 Axes
 - Level 2.4 Armour
 - Level 2.1 Dodging
 - Level 2.0 Stealth


You had 10 spell levels left.
You didn't know any spells.

Dungeon Overview and Level Annotations

Branches:
Dungeon (10/15)            Temple (0/1) D:7             Orc (0/4) D:9
   Lair: D:8-11

Altars:
Ashenzari
Dithmenos
Fedhas
Sif Muna
Xom
The Shining One

Shops:
D:6 *


Innate Abilities, Weirdness & Mutations

You reflexively headbutt those who attack you in melee.
You have a pair of horns on your head.


Message History

Okay, then.
You feel better. The basilisk gazes at you. You resist with some effort.
The porcupine bites you!
* * * LOW HITPOINT WARNING * * *
The basilisk gazes at you.
You are slowing down.
You feel better.
The porcupine twitches its whiskers.
The porcupine bites you.
* * * LOW HITPOINT WARNING * * *
The basilisk gazes at you.
Your limbs have turned to stone.
The porcupine bites you!
* * * LOW HITPOINT WARNING * * *
The basilisk gazes at you.
Your limbs have turned to stone.
The porcupine bites you but does no damage.
You have turned to stone.
The porcupine bites you!
You die...

#.......... #......(...
#......... ####.......#
$.........# #...§...# #r##
#rl## ##@§# #######§####
#......§§..# ##+###
#......(...# ####....#
#..........# #..'....#
###.....>....###.##....##
#.'..........'..[##>...'.
.'.#..........######....##
..############## ######


You could see a basilisk, a porcupine and a river rat.

Vanquished Creatures
  Josephine (D:10)
  The ghost of Denapoli the Carver, a novice MiFi of Okawaru (D:10)
  A hill giant (D:10)
  A centaur zombie (D:10)
  A troll (D:9)
  12 yaks (D:10)
  5 wraiths (D:10)
  A basilisk (D:10)
  A hippogriff (D:5)
  Edmund (D:6)
  2 water moccasins (D:9)
  3 porcupines (D:10)
  A black bear (D:8)
  2 ice beasts
  5 necrophages
  4 orc warriors
  2 ogres
  A phantom (D:9)
  The ghost of HandofTrog the Charmwright, an amateur HESk (D:3)
  2 centaurs
  4 crocodiles (D:10)
  2 big kobolds
  Blork the orc (D:4)
  6 giant frogs
  7 scorpions
  6 wights
  4 crimson imps
  3 jellies
  9 orc wizards
  6 hounds
  A giant frog skeleton (D:6)
  3 giant frog zombies
  3 orc priests
  A centaur skeleton (D:5)
  3 iguanas
  Natasha (twice) (D:4)
  A killer bee zombie (D:6)
  5 worker ants
  2 hound zombies (D:7)
  2 mummies (D:7)
  3 gnolls (D:8)
  A worker ant zombie (D:7)
  7 adders
  2 river rats (D:10)
  3 oozes
  3 adder zombies
  4 adder skeletons
  A worm (D:2)
  2 giant geckos
  31 orcs
  A ball python (D:6)
  5 bats
  6 giant cockroaches
  8 goblins
  3 hobgoblins (D:1)
  12 kobolds
  5 quokkas
  2 giant gecko skeletons
  4 giant newts (D:1)
  A jackal zombie (D:7)
  2 quokka zombies
  5 rats
230 creatures vanquished.

Vanquished Creatures (others)
  A centaur (D:6)
  A plant (D:10)
2 creatures vanquished.

Grand Total: 232 creatures vanquished

Notes
Turn   | Place    | Note
--------------------------------------------------------------
     0 | D:1      | JokEr the Minotaur Berserker began the quest for the Orb.
     0 | D:1      | Reached XP level 1. HP: 19/19 MP: 0/0
   331 | D:1      | Reached skill level 4 in Axes
   385 | D:1      | Reached XP level 2. HP: 27/27 MP: 1/1
  1180 | D:2      | Reached ** piety under Trog
  1184 | D:2      | Found a glowing golden altar of the Shining One.
  1530 | D:2      | Reached XP level 3. HP: 33/33 MP: 2/2
  1610 | D:2      | You fall through a shaft for 2 floors!
  1626 | D:4      | Found a blossoming altar of Fedhas.
  1657 | D:4      | Found a shadowy altar of Dithmenos.
  1817 | D:4      | Noticed a giant frog
  1820 | D:4      | Killed a giant frog
  1820 | D:4      | Reached skill level 5 in Fighting
  1820 | D:4      | Reached skill level 5 in Axes
  1820 | D:4      | Reached skill level 1 in Stealth
  1820 | D:4      | Reached XP level 4. HP: 31/42 MP: 3/3
  1926 | D:3      | Noticed HandofTrog's ghost (amateur HESk)
  1956 | D:3      | Killed HandofTrog's ghost
  1956 | D:3      | Reached XP level 5. HP: 48/48 MP: 4/4
  2149 | D:3      | Found a shattered altar of Ashenzari.
  2190 | D:3      | Reached skill level 6 in Axes
  2340 | D:3      | Found a shattered altar of Ashenzari.
  2657 | D:4      | Reached XP level 6. HP: 14/57 MP: 5/5
  2983 | D:4      | Noticed an ogre
  2994 | D:4      | Noticed Blork the orc
  2999 | D:4      | Killed Blork the orc
  3039 | D:4      | Noticed Natasha
  3042 | D:4      | Killed Natasha
  3303 | D:4      | Noticed Natasha
  3307 | D:4      | Killed Natasha
  3391 | D:5      | Entered Level 5 of the Dungeon
  3413 | D:5      | Reached *** piety under Trog
  3540 | D:5      | Noticed a hippogriff
  3545 | D:5      | Killed a hippogriff
  3545 | D:5      | Reached skill level 7 in Fighting
  3545 | D:5      | Reached XP level 7. HP: 66/66 MP: 6/6
  3792 | D:5      | Reached skill level 8 in Axes
  4056 | D:6      | Found Fyluil's Assorted Antiques.
  4064 | D:6      | Reached XP level 8. HP: 74/74 MP: 7/7
  4079 | D:6      | Bought a war axe for 115 gold pieces
  4143 | D:6      | Noticed Edmund
  4149 | D:6      | Reached skill level 9 in Axes
  4149 | D:6      | Killed Edmund
  4210 | D:6      | Found a deep blue altar of Sif Muna.
  4441 | D:6      | Found a shimmering altar of Xom.
  4642 | D:6      | Reached **** piety under Trog
  4860 | D:6      | Reached skill level 10 in Axes
  5204 | D:7      | Found a staircase to the Ecumenical Temple.
  5221 | D:7      | Reached skill level 10 in Fighting
  5269 | D:7      | Reached XP level 9. HP: 77/84 MP: 8/8
  5893 | D:7      | Reached skill level 11 in Axes
  6621 | D:8      | Found a shimmering altar of Xom.
  6900 | D:9      | Reached skill level 12 in Axes
  7074 | D:9      | Reached XP level 10. HP: 51/95 MP: 9/9
  7573 | D:9      | Found a staircase to the Orcish Mines.
  7589 | D:9      | Reached ***** piety under Trog
  7981 | D:10     | Entered Level 10 of the Dungeon
  8015 | D:10     | Reached skill level 13 in Axes
  8174 | D:10     | Noticed Josephine
  8196 | D:10     | Killed Josephine
  8395 | D:10     | Noticed Denapoli's ghost (novice MiFi)
  8407 | D:10     | Killed Denapoli's ghost
  8407 | D:10     | Reached skill level 14 in Axes
  8559 | D:10     | Noticed a hill giant
  8572 | D:10     | Reached XP level 11. HP: 86/106 MP: 10/10
  8587 | D:10     | Killed a hill giant
  8632 | D:10     | HP: 4/109 [basilisk (7)]
  8633 | D:10     | HP: 1/111 [porcupine (12)]
  8635 | D:10     | Slain by a porcupine

Action                   |  1- 3 |  4- 6 |  7- 9 | 10-12 || total
-------------------------+-------+-------+-------+-------++-------
Melee: Hand axe          |    85 |    55 |       |       ||   140
       War axe           |       |    24 |   265 |   158 ||   447
Invok: Berserk           |       |     3 |     1 |     4 ||     8
       Burn Spellbooks   |       |       |     1 |     1 ||     2
Evoke: Wand              |       |       |       |     1 ||     1
  Use: Scroll            |     1 |     5 |     6 |     3 ||    15
       Potion            |       |       |       |     2 ||     2
  Eat: Chunk             |     3 |     3 |     4 |       ||    10
       Bread ration      |       |     1 |     4 |       ||     5
       Meat ration       |       |       |       |     1 ||     1
